 Dungeon Crawl Stone Soup version 0.22-a0-113-gdd6f4a9394 (webtiles) character file.

7393 Drachen the Fighter (level 11, -9/87 HPs)
             Began as a Gnoll Wanderer on Jan 28, 2018.
             Was a High Priest of Cheibriados.
             Mangled by Snorg (12 damage)
             ... on level 10 of the Dungeon.
             The game lasted 00:46:43 (13374 turns).

Drachen the Fighter (Gnoll Wanderer)               Turns: 13374, Time: 00:46:44

Health: -9/87      AC: 12    Str: 28      XL:     11   Next: 14%
Magic:  12/19      EV: 18    Int: 23      God:    Cheibriados [*****.]
Gold:   622        SH:  0    Dex: 28 (29) Spells: 21/21 levels left

rFire    + . .     SeeInvis .   E - +1 dagger (elec)
rCold    . . .     Gourm    +   (no shield)
rNeg     + . .     Faith    .   u - +0 ring mail
rPois    .         Spirit   .   (no helmet)
rElec    .         Reflect  .   (no cloak)
rCorr    .         Harm     .   H - +0 pair of gloves
MR       .....                  R - +2 pair of boots
Stlth    +++++.....             m - amulet of the gourmand
HPRegen  0.24/turn              G - ring of Omerig {+Inv rN+ AC+1 Stlth+}
MPRegen  0.16/turn              O - ring of protection from fire

@: very slightly contaminated, very slow
A: distributed training, fangs 1, strong nose
a: Bend Time, Temporal Distortion, Slouch, Step From Time, Renounce Religion,
Evoke Invisibility


You were on level 10 of the Dungeon.
You worshipped Cheibriados.
Cheibriados was extremely pleased with you.
You were not hungry.

You visited 3 branches of the dungeon, and saw 13 of its levels.
You also visited: Sewer.

You collected 622 gold pieces.

Inventory:

Hand Weapons
 a - a +2 short sword
 y - a +1 dagger of holy wrath
 E - a +1 dagger of electrocution (weapon)
 F - a +0 flail of protection
 I - a +1 falchion of holy wrath
 J - a +0 vampiric scimitar
 K - a +1 scimitar of flaming
Missiles
 k - 12 javelins (quivered)
Armour
 u - a +0 ring mail (worn)
 H - a +0 pair of gloves (worn)
 R - a +2 pair of boots (worn)
Magical Staves
 t - an uncursed staff of air
Jewellery
 m - an amulet of the gourmand (around neck)
 G - the ring of Omerig (left hand) {+Inv rN+ AC+1 Stlth+}
   (You found it on level 7 of the Dungeon)

   [ring of protection]

   It affects your AC (+1).
   It protects you from negative energy.
   It lets you turn invisible.
   It makes you more stealthy.
 O - a ring of protection from fire (right hand)
Wands
 r - a wand of iceblast (7)
 L - a wand of enslavement (32)
Scrolls
 c - 3 scrolls of teleportation
 g - a scroll of enchant weapon {unknown}
 l - 9 scrolls of identify
 q - a scroll of fog {unknown}
 v - 3 scrolls of amnesia {unknown}
 w - a scroll of immolation {unknown}
 C - a scroll of fear {unknown}
 P - 2 scrolls of remove curse
 Q - a scroll of magic mapping
Potions
 h - 2 potions of lignification
 i - a potion of agility
 j - 3 potions of curing
 p - 2 potions of might {unknown}
 x - a potion of magic {unknown}
 z - 2 potions of flight
 A - a potion of cancellation {unknown}
 B - a potion of mutation {unknown}
 S - a potion of haste {unknown}
Books
 o - a book of Maledictions

   Spells                             Type                      Level
   a - Corona                         Hexes                        1
   b - Ensorcelled Hibernation        Hexes/Ice                    2
   c - Confuse                        Hexes                        3
   d - Tukima's Dance                 Hexes                        3
   e - Dazzling Spray                 Conjuration/Hexes            3
 s - a book of Air

   Spells                             Type                      Level
   a - Shock                          Conjuration/Air              1
   b - Swiftness                      Charms/Air                   2
   c - Static Discharge               Conjuration/Air              3
   d - Airstrike                      Air                          4
   e - Lightning Bolt                 Conjuration/Air              5
Miscellaneous
 N - a box of beasts
Comestibles
 f - 14 rations


   Skills:
 + Level 8.9 Fighting
 + Level 6.5 Short Blades
 + Level 5.9 Long Blades
 + Level 5.9 Axes
 + Level 6.5 Maces & Flails
 + Level 5.9 Polearms
 + Level 5.9 Staves
 + Level 5.9 Slings
 + Level 5.9 Bows
 + Level 5.9 Crossbows
 + Level 5.9 Throwing
 + Level 6.5 Armour
 + Level 6.5 Dodging
 + Level 7.3 Stealth
 + Level 5.9 Shields
 + Level 5.9 Unarmed Combat
 + Level 5.9 Spellcasting
 + Level 4.9 Conjurations
 + Level 4.9 Hexes
 + Level 4.9 Charms
 + Level 4.9 Summonings
 + Level 4.9 Necromancy
 + Level 4.9 Translocations
 + Level 4.9 Transmutations
 + Level 4.9 Fire Magic
 + Level 4.9 Ice Magic
 + Level 4.9 Air Magic
 + Level 4.9 Earth Magic
 + Level 4.9 Poison Magic
 + Level 6.5 Invocations
 + Level 6.5 Evocations


You had 21 spell levels left.
You didn't know any spells.

Dungeon Overview and Level Annotations

Branches:
Dungeon (11/15)            Temple (1/1) D:4             Orc (1/2) D:10
   Lair: D:8-11

Altars:
Ashenzari
Cheibriados
Dithmenos
Elyvilon
Fedhas
Gozag
Hepliaklqana
Kikubaaqudgha
Makhleb
Nemelex Xobeh
Okawaru
Qazlal
Ru
Sif Muna
Trog
Uskayaw
Vehumet
Wu Jian
Xom
Yredelemnul
Zin
The Shining One

Annotations:
D:4 exclusion: statue
D:10 Snorg


Innate Abilities, Weirdness & Mutations

Your experience applies equally to all skills.
You have very sharp teeth.
Your uncanny sense of smell can sniff out nearby items.


Message History

Press: ? - help, Dir - move target cursor You are very lightly contaminated with residual magic.
As you read the scroll of blinking, it crumbles to dust.
Things that are here:
a club; a ring mail; a whip
Items here: ))) [[ a chain mail; a mace; a leather armour; a club; a hand axe Snorg is no longer moving slowly.
The flow of time bends around you.
You feel slightly more hungry. The flow of time bends around you.
Snorg resists with some effort.
You feel slightly more hungry. Snorg bites you but does no damage.
Snorg claws you!
* * * LOW HITPOINT WARNING * * *
Snorg closely misses you.
You feel better. Snorg bites you.
* * * LOW HITPOINT WARNING * * *
Snorg claws you!
* * * LOW HITPOINT WARNING * * *
Snorg misses you. Snorg bites you!
You die...

######### #.@.....#
#T#####.# #[# #.# #)#
#.# ###### #.# #.#
.....# #.#####.#
####.##########...#<#.#
....[...........#.#.#.#
#....######....[####..#


You could see Snorg (berserk).

Vanquished Creatures
  Erica (D:9)
  The ghost of GOR the Cleaver, a novice DDFi of Elyvilon (D:9)
  2 two-headed ogres
  Joseph (D:8)
  A hornet (D:10)
  A hippogriff (D:8)
  2 wyverns (D:8)
  Duvessa (D:6)
  A water moccasin (D:10)
  3 black bears
  4 phantoms
  4 orc warriors
  3 ice beasts
  A sky beast (D:9)
  2 necrophages
  2 ogres
  3 centaurs
  2 big kobolds (Sewer)
  3 bullfrogs
  Dowan (D:6)
  A water moccasin skeleton (D:5)
  5 scorpions
  3 killer bees (D:9)
  A crimson imp (D:8)
  A quasit (D:10)
  Crazy Yiuf (D:6)
  4 bullfrog skeletons
  2 bullfrog zombies
  4 orc priests
  2 hounds
  A jelly (D:10)
  4 worker ants
  An iguana (D:4)
  13 orc wizards
  A hound skeleton (D:7)
  4 gnolls (D:10)
  11 adders
  3 shadow imps
  3 oozes (Sewer)
  An adder zombie (D:6)
  An adder skeleton (D:6)
  6 worms
  4 dart slugs
  6 leopard geckos
  44 orcs
  2 ball pythons
  7 giant cockroaches
  2 gnoll zombies (D:4)
  10 goblins
  11 hobgoblins
  14 jackals
  18 kobolds
  6 quokkas
  10 bats
  7 frilled lizards
  2 quokka zombies
  8 rats
263 creatures vanquished.

Notes
Turn   | Place    | Note
-------+----------+-------------------------------------------
     0 | D:1      | Drachen the Gnoll Wanderer began the quest for the Orb.
     0 | D:1      | Drachen set off with: a +2 short sword, a +0 spear, a scroll of teleportation, a +0 robe, a +0 dagger, a ration
     0 | D:1      | Reached XP level 1. HP: 23/23 MP: 2/2
    85 | D:1      | Reached XP level 2. HP: 15/29 MP: 3/3
   343 | D:1      | Reached XP level 3. HP: 35/35 MP: 4/4
   859 | D:1      | Reached skill level 1 in Invocations
  1135 | D:2      | Reached skill level 1 in Long Blades
  1135 | D:2      | Reached skill level 1 in Axes
  1135 | D:2      | Reached skill level 1 in Polearms
  1135 | D:2      | Reached skill level 1 in Staves
  1135 | D:2      | Reached skill level 1 in Slings
  1135 | D:2      | Reached skill level 1 in Bows
  1135 | D:2      | Reached skill level 1 in Crossbows
  1135 | D:2      | Reached skill level 1 in Throwing
  1135 | D:2      | Reached skill level 1 in Shields
  1135 | D:2      | Reached skill level 1 in Unarmed Combat
  1135 | D:2      | Reached skill level 1 in Spellcasting
  1141 | D:2      | Reached XP level 4. HP: 30/41 MP: 4/6
  1496 | D:2      | Reached skill level 1 in Conjurations
  1496 | D:2      | Reached skill level 1 in Hexes
  1496 | D:2      | Reached skill level 1 in Charms
  1496 | D:2      | Reached skill level 1 in Summonings
  1496 | D:2      | Reached skill level 1 in Necromancy
  1496 | D:2      | Reached skill level 1 in Translocations
  1496 | D:2      | Reached skill level 1 in Transmutations
  1496 | D:2      | Reached skill level 1 in Fire Magic
  1496 | D:2      | Reached skill level 1 in Ice Magic
  1496 | D:2      | Reached skill level 1 in Air Magic
  1496 | D:2      | Reached skill level 1 in Earth Magic
  1496 | D:2      | Reached skill level 1 in Poison Magic
  1772 | D:2      | Reached XP level 5. HP: 47/47 MP: 7/7
  3132 | D:4      | Reached XP level 6. HP: 39/53 MP: 8/8
  3523 | D:4      | Found a staircase to the Ecumenical Temple.
  3534 | Temple   | Entered the Ecumenical Temple
  4055 | Temple   | Became a worshipper of Cheibriados the Contemplative
  4130 | D:4      | Found a basalt altar of Yredelemnul.
  4165 | D:4      | Found a radiant altar of Vehumet.
  4582 | D:4      | Found a blossoming altar of Fedhas.
  4582 | D:4      | Found a faded altar of an unknown god.
  4587 | D:4      | Found an iron altar of Okawaru.
  4597 | D:4      | Reached XP level 7. HP: 46/59 MP: 10/10
  4606 | D:4      | Found a faded altar of an unknown god.
  4608 | D:4      | Found a glowing silver altar of Zin.
  4910 | D:4      | Found a glowing golden altar of the Shining One.
  5022 | D:5      | Entered Level 5 of the Dungeon
  5164 | D:5      | Reached skill level 7 in Fighting
  5598 | D:5      | Reached * piety under Cheibriados
  5598 | D:5      | Reached skill level 5 in Stealth
  6664 | D:6      | Reached XP level 8. HP: 15/67 MP: 12/12
  6669 | D:6      | Noticed Duvessa
  6775 | D:6      | Found a glowing drain.
  6895 | Sewer    | Entered a sewer
  7106 | Sewer    | Reached ** piety under Cheibriados
  7232 | D:6      | Noticed Dowan
  7263 | D:6      | Killed Duvessa
  7266 | D:6      | Killed Dowan
  8303 | D:6      | Found a runed door.
  8490 | D:6      | Noticed Crazy Yiuf
  8496 | D:6      | Killed Crazy Yiuf
  8496 | D:6      | Reached XP level 9. HP: 67/72 MP: 14/14
  8685 | D:7      | Found a white marble altar of Elyvilon.
  8739 | D:7      | Reached *** piety under Cheibriados
  9288 | D:7      | Found an opulent altar of Gozag.
  9288 | D:7      | Found a sparkling altar of Nemelex Xobeh.
  9360 | D:7      | Reached skill level 5 in Short Blades
  9360 | D:7      | Reached skill level 5 in Maces & Flails
  9360 | D:7      | Reached skill level 5 in Armour
  9360 | D:7      | Reached skill level 5 in Dodging
  9360 | D:7      | Reached skill level 5 in Evocations
  9382 | D:7      | Got a brightly glowing bone ring
  9383 | D:7      | Identified the ring of Omerig {+Inv rN+ AC+1 Stlth+} (You found it on level 7 of the Dungeon)
  9619 | D:8      | Noticed Joseph
  9629 | D:8      | Killed Joseph
  9828 | D:8      | Reached skill level 8 in Fighting
  9851 | D:8      | Reached skill level 5 in Invocations
 10358 | D:8      | Noticed a two-headed ogre
 10359 | D:8      | Reached XP level 10. HP: 80/80 MP: 17/17
 10369 | D:8      | Killed a two-headed ogre
 10369 | D:8      | Reached skill level 5 in Long Blades
 10369 | D:8      | Reached skill level 5 in Axes
 10369 | D:8      | Reached skill level 5 in Polearms
 10369 | D:8      | Reached skill level 5 in Staves
 10369 | D:8      | Reached skill level 5 in Slings
 10369 | D:8      | Reached skill level 5 in Bows
 10369 | D:8      | Reached skill level 5 in Crossbows
 10369 | D:8      | Reached skill level 5 in Throwing
 10369 | D:8      | Reached skill level 5 in Shields
 10369 | D:8      | Reached skill level 5 in Unarmed Combat
 10369 | D:8      | Reached skill level 5 in Spellcasting
 10816 | D:9      | Reached **** piety under Cheibriados
 10870 | D:9      | Noticed Erica
 10891 | D:9      | Killed Erica
 11591 | D:9      | Noticed GOR's ghost (novice DDFi)
 11841 | D:9      | Killed GOR's ghost
 12149 | D:10     | Entered Level 10 of the Dungeon
 12171 | D:10     | Found a staircase to the Orcish Mines.
 12172 | D:10     | Noticed a two-headed ogre
 12227 | D:10     | Killed a two-headed ogre
 12227 | D:10     | Reached XP level 11. HP: 66/87 MP: 19/19
 12594 | D:10     | Reached ***** piety under Cheibriados
 13167 | D:11     | Noticed a deep elf mage
 13167 | D:11     | Noticed a deep elf mage
 13167 | D:11     | Noticed a deep elf mage
 13167 | D:11     | Noticed a deep elf mage
 13167 | D:11     | Noticed a deep elf mage
 13167 | D:11     | Noticed a deep elf mage
 13167 | D:11     | Noticed a cyclops
 13169 | D:11     | Noticed a deep elf mage
 13227 | D:11     | Noticed a deep elf mage
 13279 | Orc:1    | Entered Level 1 of the Orcish Mines
 13283 | Orc:1    | Noticed Snorg
 13374 | D:10     | HP: 3/87 [Snorg (14)]
 13374 | D:10     | Mangled by Snorg

Vault maps used:
D:1:      saegor_arrival_simple_d, minmay_hexomino_p4
D:2:      minmay_misc_feat_chi
D:3:      wad_river_or_something
D:4:      marbit_many_paths, lemuel_zombie_altar_yredelemnul, vehumet_statue,
          chequers_temple_overflow_minitemple, first_ration
D:6:      portal_sewer_entry_e, uniq_crazy_yiuf_cottage, uniq_duvessa
D:7:      grunt_temple_overflow_opulence, overflow_temple_1_default
D:8:      uniq_joseph
D:9:      uniq_erica
D:10:     lemuel_flame_loot_2, david_orc_2
D:11:     david_lair_shrubbed, grunt_ogre_cave, elves_outpost_lemuel,
          uniq_josephine, uniq_fannar
Temple:   nicolae_temple_figure_eight
Orc:1:    uniq_snorg
Sewer:    kennysheep_pipe_town

Skill      XL: |  1  2  3  4  5  6  7  8  9 10 |
---------------+-------------------------------+-----
Invocations    | 1 2 3 4 5 6 |  6.5
Long Blades    | 1 2 3 4 5 |  5.9
Axes           | 1 2 3 4 5 |  5.9
Polearms       | 1 2 3 4 5 |  5.9
Staves         | 1 2 3 4 5 |  5.9
Slings         | 1 2 3 4 5 |  5.9
Bows           | 1 2 3 4 5 |  5.9
Crossbows      | 1 2 3 4 5 |  5.9
Throwing       | 1 2 3 4 5 |  5.9
Shields        | 1 2 3 4 5 |  5.9
Unarmed Combat | 1 2 3 4 5 |  5.9
Spellcasting   | 1 2 3 4 5 |  5.9
Conjurations   | 1 2 3 4 |  4.9
Hexes          | 1 2 3 4 |  4.9
Charms         | 1 2 3 4 |  4.9
Summonings     | 1 2 3 4 |  4.9
Necromancy     | 1 2 3 4 |  4.9
Translocations | 1 2 3 4 |  4.9
Transmutations | 1 2 3 4 |  4.9
Fire Magic     | 1 2 3 4 |  4.9
Ice Magic      | 1 2 3 4 |  4.9
Air Magic      | 1 2 3 4 |  4.9
Earth Magic    | 1 2 3 4 |  4.9
Poison Magic   | 1 2 3 4 |  4.9
Short Blades   | 3 4 5 6 |  6.5
Maces & Flails | 3 4 5 6 |  6.5
Armour         | 3 4 5 6 |  6.5
Dodging        | 3 4 5 6 |  6.5
Evocations     | 3 4 5 6 |  6.5
Fighting       | 7 8 |  8.9
Stealth        | 5 6 7 |  7.3

Action                   |  1- 3 |  4- 6 |  7- 9 | 10-12 || total
-------------------------+-------+-------+-------+-------++-------
Melee: Short sword       |   105 |   233 |   408 |       ||   746
       Bite              |    13 |    36 |    82 |    50 ||   181
       Punch             |       |     2 |    14 |    14 ||    30
       Dagger            |       |       |    31 |   268 ||   299
Throw: Javelin           |       |    10 |    31 |    13 ||    54
Invok: Bend Time         |       |       |     2 |     6 ||     8
  Use: Scroll            |       |       |    10 |     2 ||    12
       Potion            |       |       |     7 |    10 ||    17
 Stab: Sleeping          |     5 |    15 |     8 |     5 ||    33
       Distracted        |       |       |       |     2 ||     2
  Eat: Chunk             |     1 |    10 |    14 |     6 ||    31
Armor: Robe              |    12 |       |       |       ||    12
       Leather armour    |     7 |    34 |       |       ||    41
       Ring mail         |       |     7 |    94 |    62 ||   163
       Skin              |       |       |    19 |       ||    19
Dodge: Dodged            |    82 |   103 |   326 |   248 ||   759

Table legend:
 A = Spawn XP
 B = Non-spawn XP
 C = Spawn XP percentage of total XP
 D = Spawn monster count
 E = Non-spawn monster count
 F = Spawn count percentage of total count
 G = Total turns spent on level
                    A         B        C        D         E        F      G
               +---------+---------+-------+---------+---------+-------+---------
         Total |       0 |   10562 |   0.0 |       0 |     263 |   0.0 | 13374
               +---------+---------+-------+---------+---------+-------+---------
           D:1 |       0 |      58 |   0.0 |       0 |      29 |   0.0 |  1032
           D:2 |       0 |     114 |   0.0 |       0 |      31 |   0.0 |   939
           D:3 |       0 |      70 |   0.0 |       0 |      19 |   0.0 |   907
           D:4 |       0 |     397 |   0.0 |       0 |      24 |   0.0 |  1605
           D:5 |       0 |     528 |   0.0 |       0 |      18 |   0.0 |  1789
           D:6 |       0 |     938 |   0.0 |       0 |      18 |   0.0 |  1455
           D:7 |       0 |     974 |   0.0 |       0 |      28 |   0.0 |  1050
           D:8 |       0 |    2457 |   0.0 |       0 |      19 |   0.0 |  1615
           D:9 |       0 |    2910 |   0.0 |       0 |      20 |   0.0 |   929
          D:10 |       0 |    1822 |   0.0 |       0 |      32 |   0.0 |  1200
         Orc:1 |       0 |      41 |   0.0 |       0 |       1 |   0.0 |    19
         Sewer |       0 |     253 |   0.0 |       0 |      24 |   0.0 |   289
               +---------+---------+-------+---------+---------+-------+---------
